Map: Acid Plant LE

Players

llIIIllIIIll - Winner!

  • Race: Zerg Zerg
  • League: Master
  • Spawn Location: 5:00

INnoVation

  • Race: Terran Terran
  • League: Grandmaster
  • Spawn Location: 11:00

VOD

Have the link to the VOD?

Description

zerg build

Time

  • Played on: Oct. 25, 2018, 8:28 p.m.
  • Length: 13:33
Show
View Real Time Build Order
Export as new Build Order

llIIIllIIIll Zerg - Winner!

Build Orders: Hatch First 

Get SALT Encoding   

  12  0:00  Drone  
  13  0:12  Overlord  
  13  0:17  Drone  
  14  0:31  Drone x2  
  14  0:34  Drone  
  17  0:51  Hatchery  
  17  0:54  Drone  
  17  0:57  Drone  
  18  1:08  Extractor  
  17  1:13  Spawning Pool  
  17  1:15  Drone  
  17  1:18  Drone  
  18  1:28  Drone  
  19  1:39  Overlord  
  19  1:59  Queen  
  19  2:00  Zergling x2  
  19  2:01  Zergling x2  
  23  2:03  Queen  
  23  2:04  Drone  
  23  2:08  Metabolic Boost  
  26  2:12  Drone  
  26  2:15  Drone  
  29  2:22  Drone  
  29  2:25  Drone  
  30  2:40  Drone, Hatchery  
  30  2:44  Queen  
  30  2:49  Overlord  
  32  2:53  Drone  
  32  2:54  Drone  
  32  2:57  Drone  
  35  3:00  Drone  
  35  3:05  Overlord  
  36  3:12  Drone x3  
  39  3:16  Drone  
  40  3:20  Queen  
  40  3:23  Overlord  
  42  3:28  Queen  
  42  3:34  Zergling x6  
  47  3:42  Drone x3  
  47  3:45  Drone  
  51  3:53  Drone  
  51  3:54  Drone, Zergling x4  
  51  3:55  Queen  
  57  4:00  Baneling Nest  
  56  4:03  Overlord  
  56  4:04  Drone  
  56  4:09  Drone  
  57  4:16  Overlord  
  57  4:17  Overlord  
  57  4:21  Spore Crawler  
  57  4:22  Drone x2  
  57  4:23  Zergling x2  
  59  4:27  Zergling x4  
  59  4:29  Overlord  
  61  4:36  Drone x3, Evolution Chamber  
  61  4:37  Drone x2, Evolution Chamber  
  64  4:39  Drone  
  64  4:41  Drone  
  64  4:43  Zergling x4  
  68  4:51  Drone x2  
  70  4:53  Drone x2  
  70  4:54  Overlord  
  72  5:04  Drone  
  73  5:08  Drone x2  
  73  5:10  Zerg Ground Armor Level 1  
  73  5:12  Drone x2  
  73  5:13  Drone x2  
  79  5:15  Drone x2, Zerg Melee Weapons Level 1  
  79  5:17  Drone  
  79  5:20  Drone  
  83  5:23  Drone  
  83  5:26  Drone x4  
  88  5:30  Hatchery  
  88  5:32  Overlord  
  88  5:34  Overlord  
  87  5:36  Extractor  
  87  5:38  Extractor x2  
  87  5:39  Extractor  
  87  5:40  Zergling x6  
  86  5:45  Drone x3  
  86  5:46  Overlord x2  
  89  5:50  Lair  
  89  5:51  Overlord  
  89  5:53  Overlord  
  89  5:54  Zergling x4  
  91  6:05  Drone  
  91  6:09  Zergling x10  
  97  6:14  Zergling x4, Hatchery  
  98  6:18  Burrow  
  98  6:19  Overlord  
  98  6:22  Zergling x2  
  98  6:23  Zergling x10  
  98  6:25  Baneling x2  
  104  6:26  Baneling x2  
  104  6:29  Drone x3  
  104  6:32  Overlord  
  107  6:34  Spore Crawler, Baneling x5  
  107  6:35  Zergling x2  
  107  6:36  Zergling x2  
  108  6:42  Zergling x4  
  108  6:46  Zergling x8  
  108  6:47  Zergling x2  
  115  6:51  Zergling x6  
  116  6:56  Zergling x10  
  116  6:59  Centrifical Hooks  
  121  7:01  Hydralisk Den  
  120  7:09  Drone  
  120  7:10  Drone x5  
  120  7:11  Spore Crawler  
  125  7:18  Zerg Ground Armor Level 2  
  125  7:24  Zerg Melee Weapons Level 2  
  125  7:25  Drone  
  126  7:34  Zergling x2  
  126  7:35  Zergling x22  
  138  7:39  Hatchery  
  136  7:52  Drone x6  
  136  7:54  Drone, Queen  
  136  7:56  Spore Crawler  
  136  7:57  Spine Crawler  
  143  8:05  Zergling x22  
  133  8:13  Zergling x2  
  133  8:15  Zergling x2  
  133  8:18  Zergling x18  
  144  8:20  Zergling x2  
  144  8:21  Zergling x4  
  144  8:26  Grooved Spines  
  140  8:32  Hydralisk  
  140  8:33  Hydralisk x4  
  139  8:37  Hydralisk x2  
  135  8:51  Hydralisk  
  135  8:52  Hydralisk x5  
  145  8:56  Zergling x12  
  150  9:03  Zergling x2  
  150  9:04  Zergling x12  
  150  9:08  Baneling x4  
  150  9:09  Baneling x5  
  155  9:18  Hydralisk x2  
  155  9:19  Hydralisk  
  155  9:21  Hydralisk  
  163  9:33  Hydralisk  
  163  9:37  Hydralisk x2, Muscular Augments  
  162  9:43  Overlord x2  
  162  9:44  Overlord x2  
  161  9:46  Infestation Pit  
  161  9:48  Drone x2  
  161  9:51  Hydralisk  
  164  10:06  Zergling x30  
  178  10:08  Baneling x10  
  178  10:09  Baneling x14  
  178  10:13  Overlord x2  
  179  10:14  Zergling x10  
  179  10:19  Zergling x2  
  184  10:22  Zergling x2  
  184  10:23  Zergling x22  
  192  10:29  Zergling x2  
  193  10:37  Drone x5  
  193  10:40  Hive  
  198  10:53  Baneling x6  
  198  10:54  Hatchery, Baneling x12  
  198  10:56  Zergling x4  
  199  11:08  Zergling x2  
  200  11:19  Baneling x2  
  200  11:27  Zergling x2  
  200  11:32  Zergling x20  
  198  11:33  Zergling x2  
  181  11:40  Zergling x34  
  181  11:41  Zergling x2  
  181  11:42  Zergling x4  
  196  11:48  Zergling x6  
  193  11:56  Zergling x12  
  193  11:57  Zergling x6  
  199  12:01  Baneling  
  199  12:02  Baneling x22  
  199  12:03  Baneling x3  
  195  12:16  Zergling x6  
  195  12:17  Zergling x12  
  195  12:21  Zergling x16  
  195  12:22  Zergling x16  
  178  12:28  Zergling x2  
  178  12:29  Zergling x2  
  153  12:34  Hydralisk x7  
  166  12:38  Zergling x2  
  166  12:39  Queen  
  166  12:42  Queen  
  166  12:43  Queen  
  173  12:44  Zergling x4  
  173  12:46  Baneling x7  
  173  12:48  Zergling x14  
  173  12:50  Baneling x2  
  182  12:54  Zergling x10  
  187  13:05  Zergling x6  
  188  13:06  Zergling x14  
  188  13:10  Zergling x10, Spore Crawler x2  
Show
View Real Time Build Order
Export as new Build Order

INnoVation Terran 

Build Orders: Gas First Reaper Expand, Reaper Expand, Bio Tank 

Get SALT Encoding   

  12  0:00  SCV  
  13  0:13  SCV  
  14  0:17  Supply Depot  
  14  0:25  SCV  
  14  0:27  Refinery  
  15  0:38  SCV  
  16  0:44  Barracks  
  16  0:50  SCV  
  17  1:02  SCV  
  18  1:15  SCV  
  19  1:31  Orbital Command, Reaper  
  20  1:42  Command Center  
  20  1:52  Factory  
  20  1:57  SCV  
  21  2:05  Barracks Reactor  
  21  2:09  SCV  
  21  2:11  Supply Depot  
  21  2:13  Refinery  
  22  2:21  SCV  
  23  2:33  SCV  
  24  2:44  Starport  
  24  2:45  SCV  
  24  2:47  Hellion  
  24  2:48  Hellion  
  29  2:54  Orbital Command, Barracks Tech Lab  
  29  2:57  SCV  
  30  3:08  Hellion  
  30  3:09  SCV, Hellion  
  36  3:20  SCV  
  36  3:21  Viking  
  36  3:22  SCV  
  36  3:26  Stimpack  
  39  3:31  Supply Depot  
  39  3:35  SCV x2  
  39  3:39  Factory Tech Lab, Marine  
  42  3:47  SCV  
  42  3:48  SCV  
  44  3:53  Supply Depot  
  44  3:57  Marine  
  44  3:58  Siege Tank  
  44  3:59  SCV  
  44  4:00  SCV  
  50  4:09  Command Center  
  50  4:13  SCV x2  
  50  4:14  Starport Reactor  
  52  4:18  Marine  
  52  4:21  Supply Depot  
  53  4:25  SCV x2  
  53  4:29  Barracks  
  55  4:34  Siege Tank  
  55  4:37  SCV x2  
  60  4:42  Marine  
  61  4:51  SCV x2  
  63  4:54  Barracks  
  63  4:58  Starport Reactor  
  63  4:59  Engineering Bay x2, Marine  
  63  5:03  SCV x2, Refinery  
  63  5:06  Refinery  
  66  5:10  Supply Depot  
  66  5:15  SCV x2  
  68  5:22  Orbital Command, Marine x3  
  68  5:27  SCV x2  
  68  5:28  Terran Infantry Armor Level 1, Terran Infantry Weapons Level 1  
  73  5:30  Combat Shields  
  71  5:39  SCV x2  
  71  5:40  Marine  
  71  5:41  Marine  
  76  5:43  Marine  
  76  5:44  Orbital Command, Medivac  
  76  5:45  Medivac  
  80  5:53  SCV x2  
  80  5:54  Supply Depot  
  80  5:56  Supply Depot  
  82  6:00  Marine x4  
  82  6:01  Marine  
  87  6:05  SCV x2  
  87  6:06  Siege Tank  
  87  6:07  Supply Depot  
  92  6:12  Refinery  
  92  6:13  SCV  
  92  6:17  SCV x2  
  95  6:18  Supply Depot, Armory  
  95  6:23  Marine x4  
  95  6:24  Marine  
  100  6:26  SCV  
  100  6:29  SCV  
  102  6:35  SCV  
  102  6:36  Barracks  
  102  6:38  SCV, Barracks  
  102  6:39  Siege Tank  
  107  6:40  Supply Depot  
  107  6:41  SCV  
  99  6:48  Marine x4  
  99  6:50  SCV x2  
  99  6:53  SCV  
  106  7:03  Supply Depot  
  106  7:06  Barracks  
  106  7:07  Barracks  
  106  7:08  Barracks  
  106  7:09  SCV x3  
  106  7:11  Marauder  
  106  7:13  Marine x4  
  115  7:15  Siege Tank  
  115  7:21  Terran Infantry Weapons Level 2  
  115  7:22  Terran Infantry Armor Level 2  
  118  7:32  Marauder  
  118  7:33  Marine x2, Barracks Reactor x2  
  118  7:34  Marine x2  
  118  7:35  Concussive Shells  
  124  7:39  Supply Depot x2  
  124  7:41  Refinery  
  124  7:48  Siege Tank  
  124  7:49  Terran Vehicle And Ship Armor Level 1  
  127  7:52  Medivac x2  
  131  7:59  Marauder  
  131  8:00  Barracks Tech Lab x3  
  126  8:07  Marine  
  126  8:08  Marine x3  
  112  8:19  SCV x3  
  107  8:20  Marine, Marauder x2  
  107  8:24  Marine  
  107  8:25  Marine x4  
  104  8:29  Siege Tank  
  104  8:31  Medivac x2  
  106  8:40  SCV x3  
  109  8:46  Marauder x2  
  109  8:47  Marine, Marauder  
  102  8:52  Marine  
  102  8:54  SCV  
  101  8:56  SCV  
  101  9:03  Siege Tank  
  101  9:05  Marauder  
  101  9:08  Marine x2, Marauder  
  110  9:11  Marine x2  
  112  9:22  Marauder x2  
  112  9:23  Marine x2  
  118  9:25  SCV  
  118  9:26  SCV  
  118  9:27  Marauder  
  118  9:29  Marine x3, Marauder  
  127  9:35  Siege Tank  
  130  9:43  Marauder x2  
  130  9:44  Supply Depot  
  130  9:45  SCV x2  
  136  9:46  SCV  
  141  9:52  Marauder  
  141  9:53  Medivac, Marauder  
  141  9:55  Marine  
  141  9:59  Marine x3  
  146  10:07  Siege Tank  
  146  10:09  Medivac  
  146  10:12  Marauder x2  
  157  10:14  Marauder  
  157  10:21  Terran Infantry Weapons Level 3  
  157  10:24  Marine  
  157  10:31  Terran Infantry Armor Level 3  
  157  10:47  Supply Depot x2, Marine  
  157  10:48  Supply Depot  
  157  10:50  Marine, Marauder x3  
  157  10:51  Medivac x2  
  157  10:52  Marauder  
  157  10:55  Marine  
  171  10:58  Marine x2  
  173  11:08  Terran Vehicle And Ship Armor Level 2, Siege Tank  
  173  11:10  Supply Depot  
  176  11:11  SCV x2  
  176  11:12  SCV, Marauder  
  176  11:15  Marine x2, Marauder  
  176  11:16  Marine, Marauder x2  
  190  11:23  Orbital Command  
  165  11:54  Marine x2  
  165  11:55  Marine  
  165  12:15  Marine  
  165  12:17  Marine  
  165  12:18  Marine x2  
  165  12:19  Marine x5  
  165  12:20  Marauder  
  165  12:21  Medivac, Marauder  
  165  12:22  Marauder  
  164  12:23  Siege Tank  
  113  12:33  Marine  
  113  12:34  Marine  
  113  12:36  Marine x3  
  114  12:37  Marine, Marauder  
  114  12:41  Marauder  
  114  12:42  Marauder  
  114  12:43  Marauder  
  114  12:44  Marine x2  
  121  12:47  Command Center  
  121  12:49  Medivac  
  125  12:51  Marine  
  125  12:52  Marine  
  125  12:53  Medivac, Marine x2  
  125  12:54  Marine  
  125  12:55  Siege Tank  
  137  12:58  Marauder  
  137  13:00  Sensor Tower, Refinery  
  137  13:03  Marauder x2  
  137  13:04  Marauder  
  143  13:14  Marine  
Tags
 
Add a new tag
Caveats
  • Supply blocks, unpowered buildings, or Contaminate may cause inaccurate times.
  • Supply counts are checked every 10 seconds.